 Dungeon Crawl Stone Soup version bcrawl-1.21.3 (webtiles) character file.

Game seed: 6464441490550089368

6393 Flugslaktarn the Fighter (level 10, -4/69 HPs)
             Began as a Skeleton Archaeologist on Mar 28, 2020.
             Was an Initiate of Gozag.
             Engulfed by a cloud of flame (20 damage)
             ... on level 8 of the Dungeon.
             The game lasted 00:06:02 (7158 turns).

Flugslaktarn the Fighter (Skeleton Archaeologist)   Turns: 7158, Time: 00:06:02

Health: -4/69      AC: 15    Str: 22      XL:     10   Next: 66%
Magic:  0/22       EV: 10    Int: 11 (12) God:    Gozag
Gold:   1549       SH:  0    Dex:  5 (7)  Spells: 9/9 levels left

rFire    . . .     SeeInvis .   b - +6 scimitar (slice)
rCold    + . .     Gourm    .   (no shield)
rNeg     + + +     Faith    .   g - +0 chain mail
rPois    ∞         Spirit   +   c - +1 hat
rElec    +         Reflect  .   (no cloak)
rCorr    .         Harm     .   (no gloves)
MR       +....                  d - +2 pair of boots
Stlth    ..........             e - amulet of regeneration
HPRegen  5.61/turn              j - ring of magical power
MPRegen  0.18/turn              p - ring of insulation

@: gold aura
A: no food or potions, cold resistance 1, deterioration 1, negative energy
resistance 3, powered by death 1, torment resistance, unbreathing, magic shield,
sturdy frame 2, spell healing
a: Potion Petition, Call Merchant, Bribe Branch, Renounce Religion


You were on level 8 of the Dungeon.
You worshipped Gozag.
Gozag was most pleased with you.
You were not hungry.

You visited 1 branch of the dungeon, and saw 8 of its levels.
You also visited: Ossuary.

You collected 1879 gold pieces.
You paid 330 gold pieces to Gozag.

Inventory:

Hand Weapons
 b - a +6 scimitar of slicing (weapon)
   (You acquired it on level 3 of the Dungeon)
 u - a +2 hand axe of draining
   (You found it on level 7 of the Dungeon)
Missiles
 o - a throwing net (quivered) {!f}
Armour
 c - a +1 hat (worn)
 d - a +2 pair of boots (worn)
 g - a +0 chain mail (worn)
   (You found it on level 4 of the Dungeon)
Jewellery
 e - an amulet of regeneration (around neck)
   (You found it on level 2 of the Dungeon)
 j - a ring of magical power (left hand)
   (You found it on level 2 of the Dungeon)
 p - a ring of insulation (right hand)
   (You found it on level 4 of the Dungeon)
Wands
 f - a wand of paralysis (1)
   (You found it on level 4 of the Dungeon)
 q - a wand of iceblast (10)
   (You found it on level 5 of the Dungeon)
Scrolls
 a - a scroll of fear {unknown}
 h - 2 scrolls of amnesia
 i - 2 scrolls of fog
 k - a scroll of summoning {unknown}
 l - 2 scrolls of enchant armour
 r - 12 scrolls of identify
 t - 2 scrolls of teleportation
 x - 5 scrolls of remove curse


   Skills:
 * Level 11.0 Fighting
 - Level 6.0 Long Blades
 + Level 6.0(6.4) Axes
   Level 3.2(5.1) Maces & Flails
 + Level 8.5 Armour
 - Level 3.0 Dodging
 - Level 3.6 Stealth
 - Level 4.0 Evocations


You had 9 spell levels left.
You didn't know any spells.
Your spell library was empty.

Dungeon Overview and Level Annotations

Branches:
Dungeon (8/12)             Temple (0/1) D:4
   Lair: D:7-9          Orc: D:8-11

Altars:
Ashenzari
Cheibriados
Dithmenos
Elyvilon
Fedhas
Gozag
Hepliaklqana
Lugonu
Qazlal
Ru
Vehumet
Xom
Zin

Shops:
D:8 [

Annotations:
D:3 1 runed door


Innate Abilities, Weirdness & Mutations

You do not eat or drink.
You are immune to poison.
Your flesh is cold resistant. (rC+)
Your body sometimes deteriorates upon taking damage.
You are immune to negative energy. (rN+++)
You regenerate a little health from kills.
You are immune to unholy pain and torment.
You can survive without breathing.
When hurt, damage is shared between your health and your magic reserves.
Your movements are less encumbered by armour. (ER -4)
Casting spells heals you.


Message History

The gnoll explodes!
The fiery explosion engulfs the orc warrior!
The orc warrior explodes!
The fiery explosion engulfs Psyche!
Psyche resists.
Psyche is moderately wounded.
The fiery explosion engulfs Psyche!
Psyche resists.
Psyche is heavily wounded.
You feel your dexterity returning.
The fiery explosion engulfs Psyche!
Psyche resists.
Psyche is almost dead.
You feel a bit more experienced. x2; The fiery explosion engulfs Psyche!!
Psyche resists.
Psyche explodes!
You feel your dexterity returning.
You feel a bit more experienced.
Your Fighting skill increases to level 11!
Your Axes skill increases to level 6!
You are engulfed in blazing flames.
You die...
Your body crumbles into a pile of gold.

#.................
##########................
##.......##.......#####....
#........##.....##.# #####
#........##.....# ..+ #
#........#...$$.##..+ ##
#........#......$#.## ####.
#........'....$>.######..#.
#........#@§..$..#.......'.
#..<.....#§§§§.$##.....∩.##
#........##§§§.$##.......##
#........##§§§..##.........
#.........o§§§§.$$.........
#.........o§§§.$.$.........
#..........§§§.$...........
.........%...$.........
.......................


There were no monsters in sight!

Vanquished Creatures
  Psyche (D:8)
  A fire crab (shapeshifter) (D:8)
  A cyclops (D:8)
  A troll (D:7)
  A hippogriff (D:7)
  Sigmund (D:4)
  A wyvern (D:8)
  2 hungry ghosts (D:7)
  A basilisk (D:8)
  A crocodile (D:4)
  3 orc warriors (D:8)
  An ice beast (D:6)
  3 sky beasts
  5 ogres
  2 centaurs
  2 elf zombies (Ossuary)
  5 bullfrogs
  4 scorpions
  4 howler monkeys
  2 crimson imps
  8 hounds
  A bullfrog skeleton (D:4)
  3 centaur skeletons
  A gnoll shaman (D:8)
  6 orc wizards
  3 orc priests
  3 iguanas
  6 worker ants
  A killer bee zombie (D:5)
  5 hound zombies (Ossuary)
  A hound skeleton (D:4)
  4 mummies (Ossuary)
  2 worker ant zombies
  13 gnolls
  11 adders
  2 shadow imps
  2 oozes
  An adder skeleton (D:4)
  2 adder zombies
  6 worms
  2 dart slugs
  2 leopard geckos (D:1)
  25 orcs
  4 bats
  3 giant cockroaches
  2 goblins
  9 hobgoblins
  4 jackals
  5 kobolds
  A quokka (D:4)
  2 ball pythons
  2 frilled lizards
  A goblin zombie (Ossuary)
  2 kobold zombies (Ossuary)
  An orc zombie (Ossuary)
  A quokka zombie (D:5)
  3 rats
  A rat zombie (Ossuary)
193 creatures vanquished.

Notes
Turn   | Place    | Note
-------+----------+-------------------------------------------
     0 | D:1      | Flugslaktarn the Skeleton Archaeologist began the quest for
                  | the Orb.
     0 | D:1      | Reached XP level 1. HP: 12/12 MP: 1/1
   430 | D:1      | Reached XP level 2. HP: 15/16 MP: 2/2
   556 | D:1      | Reached skill level 1 in Armour
   742 | D:2      | Reached skill level 2 in Fighting
  1013 | D:2      | Found an opulent altar of Gozag.
  1013 | D:2      | Found a corrupted altar of Lugonu.
  1013 | D:2      | Found a snail-covered altar of Cheibriados.
  1013 | D:2      | Found a shadowy altar of Dithmenos.
  1020 | D:2      | Reached XP level 3. HP: 21/21 MP: 3/3
  1025 | D:2      | Became a worshipper of Gozag Ym Sagoz the Greedy
  1031 | D:2      | Found a hazy altar of Hepliaklqana.
  1031 | D:2      | Found a sacrificial altar of Ru.
  1368 | D:2      | Found a white marble altar of Elyvilon.
  1565 | D:2      | Found a stormy altar of Qazlal.
  1626 | D:2      | Found a faded altar of an unknown god.
  1823 | D:3      | Reached XP level 4. HP: 17/27 MP: 4/4
  2067 | D:3      | Found a runed door.
  2141 | D:3      | Reached skill level 3 in Fighting
  2682 | D:4      | HP: 1/28 [hound (3)]
  3068 | D:4      | Reached XP level 5. HP: 22/32 MP: 5/5
  3068 | D:4      | Identified a scroll of acquirement
  3101 | D:3      | Identified the ring "Orihuoto" {*Contam rC+ Int+4 Dex+2}
                  | (You acquired it on level 3 of the Dungeon)
  3381 | D:3      | Reached skill level 4 in Fighting
  3534 | D:4      | Reached skill level 1 in Long Blades
  3534 | D:4      | Gained mutation: You regenerate a little health from kills.
                  | [Skeleton growth]
  3534 | D:4      | Reached XP level 6. HP: 18/38 MP: 6/6
  3647 | D:4      | Noticed a crocodile
  3659 | D:4      | Reached skill level 5 in Fighting
  3666 | D:4      | Noticed Sigmund
  3677 | D:4      | Killed Sigmund
  3677 | D:4      | Reached XP level 7. HP: 44/44 MP: 4/7
  3704 | D:4      | Reached skill level 6 in Fighting
  4070 | D:4      | Found a staircase to the Ecumenical Temple.
  4101 | D:5      | Entered Level 5 of the Dungeon
  4198 | D:5      | Reached XP level 8. HP: 42/52 MP: 8/8
  4322 | D:5      | Reached skill level 5 in Armour
  4322 | D:5      | Reached skill level 1 in Evocations
  4379 | D:5      | Reached skill level 7 in Fighting
  4699 | D:6      | Reached skill level 5 in Long Blades
  4860 | D:6      | Reached skill level 8 in Fighting
  4869 | D:6      | Reached XP level 9. HP: 59/59 MP: 11/11
  4960 | D:6      | Found a shimmering altar of Xom.
  5068 | D:6      | Found a glowing silver altar of Zin.
  5295 | D:6      | Found a white marble altar of Elyvilon.
  5296 | D:6      | Found a shattered altar of Ashenzari.
  5298 | D:6      | Found a radiant altar of Vehumet.
  5441 | D:7      | Reached skill level 1 in Axes
  5449 | D:7      | Noticed a troll
  5464 | D:7      | Killed a troll
  5611 | D:7      | Found a sand-covered staircase.
  5616 | Ossuary  | Entered an ossuary
  5943 | D:7      | Reached skill level 9 in Fighting
  6466 | D:8      | Noticed a cyclops
  6755 | D:8      | Killed a cyclops
  6755 | D:8      | Gained mutation: Your movements are less encumbered by
                  | armour. (ER -4) [Skeleton growth]
  6755 | D:8      | Reached XP level 10. HP: 44/68 MP: 13/13
  6761 | D:8      | Reached skill level 10 in Fighting
  6775 | D:8      | Noticed a fire crab
  6782 | D:8      | HP: 3/68 [fire crab (shapeshifter)/blast of flame (3)]
  6806 | D:8      | Killed a fire crab
  6879 | D:8      | Reached skill level 5 in Axes
  6947 | D:8      | Found a blossoming altar of Fedhas.
  7015 | D:8      | Found Tuhoaliu's Armour Boutique.
  7152 | D:8      | Noticed Psyche
  7158 | D:8      | Killed Psyche
  7158 | D:8      | Reached skill level 11 in Fighting
  7158 | D:8      | Engulfed by a cloud of flame

Skill      XL: |  1  2  3  4  5  6  7  8  9 10 |
---------------+-------------------------------+-----
Armour         | 1 2 3 4 6 7 8 |  8.5
Fighting       | 2 3 4 5 6 8 9 11 | 11.0
Maces & Flails | 2 3 |  3.2
Long Blades    | 1 2 4 5 6 |  6.0
Evocations     | 2 4 |  4.0
Axes           | 4 6 |  6.0
Dodging        | |  3.0
Stealth        | |  3.6

Action                   |  1- 3 |  4- 6 |  7- 9 | 10-12 || total
-------------------------+-------+-------+-------+-------++-------
Melee: Whip              |   153 |   143 |       |       ||   296
       Scimitar          |       |    70 |   353 |    70 ||   493
Invok: Potion Petition   |       |     1 |       |     1 ||     2
Evoke: Wand              |       |       |       |     9 ||     9
  Use: Scroll            |       |     2 |     7 |     4 ||    13
 Stab: Sleeping          |     4 |     1 |       |       ||     5
       Distracted        |       |     1 |     3 |       ||     4
       Paralysed         |       |       |       |    10 ||    10
Armor: Robe              |    55 |    43 |       |       ||    98
       Chain mail        |       |   108 |   325 |    62 ||   495
Dodge: Dodged            |   115 |   232 |   281 |    68 ||   696
Block: Other             |       |       |     8 |       ||     8
